 Dungeon Crawl Stone Soup version 0.31-a0-128-g25add195a6 (webtiles) character file.

Game seed: 5612377699379815572

61 Dittersdorf the Trooper (level 4, 0/29 HPs)
             Began as a Gargoyle Fighter on June 1, 2023.
             Killed from afar by Ijyb (11 damage)
             ... with an iceblast
             ... on level 3 of the Dungeon.
             The game lasted 00:01:39 (1931 turns).

Dittersdorf the Trooper (Gargoyle Fighter)          Turns: 1931, Time: 00:01:39

Health: 0/29       AC: 16    Str: 22    XL:     4   Next: 7%
Magic:  4/4        EV:  8    Int:  8    God:
Gold:   153        SH:  4    Dex:  9    Spells: 3/3 levels left

rFire   . . .        a - +0 flail
rCold   . . .        c - +0 buckler
rNeg    + . .        l - +0 chain mail
rPois   ∞            (no helmet)
rElec   +            m - +2 cloak
rCorr   .            (no gloves)
SInv    .            (no boots)
Will    .....        (no amulet) Stlth
                     n - ring of flight
HPRegen 0.24/turn    (no ring)
MPRegen 0.09/turn

%: no passive effects
@: flying
A: sickness immunity, AC +3, negative energy resistance 1, electricity
resistance, torment resistance 1, petrification resistance
a: no special abilities


You were on level 3 of the Dungeon.
You visited 1 branch of the dungeon, and saw 3 of its levels.

You collected 153 gold pieces.

Inventory:

Hand Weapons
 a - a +0 flail (weapon)
Armour
 c - a +0 buckler (worn)
 l - a +0 chain mail (worn)
 m - a +2 cloak (worn)
Jewellery
 n - a ring of flight (left hand)
Scrolls
 e - 2 scrolls of immolation {unknown}
 f - a scroll of fog {unknown}
 h - 2 scrolls of identify {unknown}
 j - 2 scrolls of noise {unknown}
 k - a scroll of magic mapping {unknown}
 o - a scroll of teleportation {unknown}
Potions
 b - a potion of haste {unknown}
 d - a potion of might
 g - 3 potions of curing {unknown}
 i - a potion of attraction {unknown}


   Skills:
 + Level 3.9 Fighting
 + Level 2.6 Maces & Flails
 + Level 3.9 Armour
 + Level 3.9 Shields


You had 3 spell levels left.
You didn't know any spells.
Your spell library contained the following spells:

 Spells                   Type           Power      Damage    Failure   Level
 Foxfire                  Conj/Fire      0%         2x1d4     98%         1
 Tukima's Dance           Hex            0%         N/A       100%        3
 Passage of Golubria      Tloc           0%         N/A       100%        4
 Fireball                 Conj/Fire      0%         3d3       100%        5
 Yara's Violent Unravell  Hex/Tmut       0%         3d3       100%        5
 Plasma Beam              Fire/Air       0%         2x1d10    100%        6
 Starburst                Conj/Fire      0%         6d3       100%        6


Dungeon Overview and Level Annotations

Branches:
Dungeon (3/15)

Altars:
Ashenzari
Dithmenos

Shops:
D:1 *

Annotations:
D:2 1 runed translucent door, Crazy Yiuf
D:3 Ijyb, Pargi


Innate Abilities, Weirdness & Mutations

You are immune to sickness and miasma.
Your stone body is resilient. (AC +3)
You are immune to poison.
You resist negative energy. (rN+)
You are resistant to electric shocks. (rElec)
You are resistant to unholy torment.
You are immune to petrification.


Message History

Ijyb closely misses you. Pargi attacks as you move away!
You block Pargi's attack. Pargi claws you but does no damage.
You block Pargi's attack. Ijyb closely misses you.
Unknown command.
Unknown command.
Ijyb hits you but does no damage.
Ijyb grins evilly.
You hit Ijyb.
Ijyb is lightly wounded.
Ijyb hits you but does no damage.
You hit Ijyb.
Ijyb is moderately wounded.
Ijyb hits you with a +0 club. Ijyb hits you but does no damage.
You barely miss Ijyb.
Ijyb is moderately wounded.
You block the jackal's attack. Ijyb closely misses you.
You closely miss Ijyb.
Ijyb is moderately wounded.
Ijyb hits you but does no damage.
You closely miss Ijyb.
Ijyb is moderately wounded.
The jackal bites you but does no damage. x2
Ijyb hits you but does no damage. The jackal closely misses you.
The jackal bites you.
You barely miss the jackal. Ijyb barely misses you.
The jackal closely misses you. You block the jackal's attack.
You block Ijyb's attack.
You completely miss the jackal.
The jackal bites you but does no damage. x4
You block Ijyb's attack.
You sock the jackal!
You kill the jackal!
The jackal bites you but does no damage.
Ijyb hits you with a +0 club. The jackal barely misses you.
Ijyb attacks as you move away! Ijyb closely misses you.
The jackal barely misses you.
Ijyb screams, "You nasty!
Big nasty!"
Ijyb zaps a wand.
The mass of ice explodes!
The iceblast engulfs you!
You die...

...##........###.#
. #............#
#............#
......####..##.#
##########..# #
#T...#...
#g#h#.......
#.#.........
#@hS..+..._.
#.#...#.....
#.##### .... #..
... ### #+#


You could see Pargi, Ijyb, an adder and a jackal.

Vanquished Creatures
  An adder (D:2)
  3 dart slugs
  4 orcs (D:3)
  3 ball pythons
  2 endoplasms (D:1)
  2 giant cockroaches
  5 hobgoblins
  A jackal (D:3)
  3 quokkas
  5 bats
  2 frilled lizards
  4 goblins
  2 kobolds
  A rat (D:1)
38 creatures vanquished.

Notes
Turn   | Place    | Note
-------+----------+-------------------------------------------
     0 | D:1      | Dittersdorf the Gargoyle Fighter began the quest for the
                  | Orb.
     0 | D:1      | Reached XP level 1. HP: 14/14 MP: 1/1
   162 | D:1      | Reached XP level 2. HP: 19/19 MP: 2/2
   190 | D:1      | Found Papuocza's General Store.
   494 | D:1      | Reached XP level 3. HP: 18/23 MP: 3/3
   788 | D:2      | Found a shadowy altar of Dithmenos.
  1435 | D:2      | Found a runed translucent door.
  1436 | D:2      | Noticed Crazy Yiuf
  1811 | D:3      | Reached XP level 4. HP: 28/29 MP: 4/4
  1904 | D:3      | Found a broken altar of Ashenzari.
  1904 | D:3      | Noticed Pargi
  1904 | D:3      | Noticed Ijyb
  1931 | D:3      | Killed from afar by Ijyb

Illustrated notes

Levels and vault maps discovered:
D:1:      wander_arrival_chamber, layout_basic, serial_shops, shop_fountains
D:2:      layout_basic, basic_altar, uniq_crazy_yiuf_cottage
D:3:      minmay_bubble_buster, layout_basic, evilmike_ruin_ashenzari,
          uniq_terence, uniq_ijyb, uniq_grinder, uniq_pargi

Action                     |  1- 3 |  4- 6 || total
---------------------------+-------+-------++-------
  Melee: Flail             |   140 |    26 ||   166
 Armour: Scale mail        |    58 |       ||    58
         Chain mail        |    27 |    38 ||    65
  Dodge: Dodged            |    73 |    26 ||    99
  Block: Buckler           |    40 |    13 ||    53

Table legend: (Time is in decaauts)
 A = Elapsed time spent in this place.
 B = Non-inter-level travel time spent in this place.
 C = Inter-level travel time spent in this place.
 D = Time resting spent in this place.
 E = Time spent auto-exploring this place.
 F = Levels seen in this place.
 G = Mean time per level.
                   A        B        C        D        E       F      G
               +--------+--------+--------+--------+--------+-----+--------+
         Total |   1981 |   1924 |     57 |    126 |   1431 |   3 |  660.3 |
       Dungeon |   1981 |   1924 |     57 |    126 |   1431 |   3 |  660.3 |
               +--------+--------+--------+--------+--------+-----+--------+

Top non-repeatable levels by time:
     D:2: 854 daAuts
     D:1: 762 daAuts
     D:3: 364 daAuts
